Selects Australian Defense Battlegroup
Selects Australian Light Infantry Section
Australian Light Infantry Section
Construct Section Command Post
Australian Light Infantry Section
Construct Field Infirmary
Australian Light Infantry Section
Construct Platoon Command Post
Selects 2-pounder Anti-tank Gun Team
Unlock M3 Stuart Light Tanks
Selects Vehicle Over Repair
Unlock Bishop Self-propelled Artillery
Bishop Self-propelled Artillery
Australian Light Infantry Section
Selects CMP 15cwt Supply Run
Selects Reinforced Resource Caches
Australian Light Infantry Section
Construct Company Command Post
Selects Archer Tank Destroyer
Australian Light Infantry Section